 Dungeon Crawl Stone Soup version 0.31-a0-978-g1e143483b6 (webtiles) character file.

Game seed: 2709608342618069516

267 Dirtsage the Ruffian (level 6, -4/41 HPs)
             Began as an Octopode Shapeshifter on Oct 30, 2023.
             Slain by a gnoll
             ... wielding a +0 whip
             ... led by a gnoll bouda
              (7 damage)
             ... on level 4 of the Dungeon.
             The game lasted 00:06:20 (2152 turns).

Dirtsage the Ruffian (Octopode Shapeshifter)        Turns: 2152, Time: 00:06:21

Health: -4/41      AC:  1    Str: 19    XL:     6   Next: 21%
Magic:  6/6        EV: 13    Int: 12    God:
Gold:   23         SH:  0    Dex: 13    Spells: 3/5 levels left

rFire   . . .        h - +10 rapier of Starshine {drain, rPois Str+5}
rCold   . . .        (no shield)
rNeg    . . .        (helmet currently unavailable)
rPois   +            k - amulet of faith
rElec   .            d - ring of willpower
rCorr   .            (no ring)
SInv    .            (no ring)
Will    +....        (no ring)
Stlth   ++           (no ring)
HPRegen 0.26/turn    (no ring)
MPRegen 0.10/turn    (no ring)
                     (no ring)

%: faith
@: beast-form
A: beast (slay +2), almost no armour, amphibious, 8 rings, camouflage 1,
gelatinous body 1, (nimble swimmer 1), tentacles
a: Begin Untransformation


You were on level 4 of the Dungeon.
You were a hulking beast.
You visited 1 branch of the dungeon, and saw 4 of its levels.

You collected 224 gold pieces.
You spent 201 gold pieces at shops.

Inventory:

Hand Weapons
 h - the +10 rapier of Starshine (weapon) {drain, rPois Str+5}
   (You took it off a kobold on level 3 of the Dungeon)

   Str+5:     It affects your strength (+5).
   rPois:     It protects you from poison
Jewellery
 d - a ring of willpower (left tentacle)
 k - an amulet of faith (around mantle)
Talismans
 b - a beast talisman
 c - a flux talisman
Scrolls
 f - a scroll of fog
 g - a scroll of fear
 i - a scroll of identify
 l - a scroll of amnesia
 t - 4 scrolls of teleportation
 B - a scroll of blinking
Potions
 a - a potion of lignification
 e - a potion of attraction
 j - a potion of enlightenment
 q - a potion of curing


   Skills:
 + Level 2.7 Fighting
 - Level 2.0 Dodging
 * Level 4.8 Unarmed Combat
 * Level 4.5 Shapeshifting


You had 3 spell levels left.
You knew the following spells:

 Your Spells              Type           Power      Damage    Failure   Level
a - Wereblood             Tmut           0%         N/A       45%         2

Your spell library contained the following spells:

 Spells                   Type           Power      Damage    Failure   Level
 Slow                     Hex            0%         N/A       32%         1
 Confusing Touch          Hex            0%         N/A       69%         3
 Sigil of Binding         Hex            0%         N/A       69%         3
 Vampiric Draining        Necr           0%         2d6       69%         3
 Irradiate                Conj/Tmut      0%         3d11      100%        5


Dungeon Overview and Level Annotations

Branches:
Dungeon (4/15)
 Temple: D:4-7

Altars:

Shops:
D:3 ?


Innate Abilities, Weirdness & Mutations

You are a hulking beast.
Your limbs bulge with bestial killing power. (Slay +2)
You cannot wear most types of armour.
You are amphibious.
You can wear up to eight rings at the same time.
Your skin changes colour to match your surroundings (Stealth+).
Your rubbery body absorbs attacks. (AC +1, EV +1)
((You are camouflaged when in or above water. (Stealth+)))
You have tentacles for arms and can constrict up to eight enemies at once.


Message History

MP restored: 6 You puncture the gnoll!
You kill the gnoll!
A gnoll comes into view. It is wielding a +0 spear.
The gnoll bouda hits you with a +0 whip.
Items here: )) ††.
You take 4 damage, and have 26/41 hp.
You are too injured to fight recklessly!
You are too injured to fight recklessly!
You puncture the gnoll bouda! You drain the gnoll bouda.
You grab the gnoll bouda.
The gnoll bouda is severely wounded.
You constrict the gnoll bouda, but do no damage.
The gnoll bouda hits you with a +0 whip.
You take 5 damage, and have 21/41 hp.
You hit the gnoll bouda. You drain the gnoll bouda.
You kill the gnoll bouda!
You barely miss the gnoll. Your grab misses the gnoll.
You tentacle-slap the gnoll.
The gnoll is lightly wounded.
The gnoll hits you with a +0 whip.
The gnoll hits you from afar with a +0 spear!
* * * LOW HITPOINT WARNING * * *
You take 10 damage, and have 11/41 hp.
MASSIVE DAMAGE!!
You barely miss the gnoll. Your grab misses the gnoll.
The gnoll barely misses you.
The gnoll hits you from afar with a +0 spear.
* * * LOW HITPOINT WARNING * * *
The gnoll hits you with a +0 whip.
* * * LOW HITPOINT WARNING * * *
You take 7 damage, and have 4/41 hp.
You feel better. The gnoll barely misses you. x2
You regained 6 hp, and now have 10/41 hp.
You barely miss the gnoll. You grab the gnoll.
You tentacle-slap the gnoll, but do no damage.
You constrict the gnoll.
The gnoll hits you from afar with a +0 spear!
* * * LOW HITPOINT WARNING * * *
The gnoll hits you with a +0 whip!
You die...

.#
.#################
>................#
################.#
#.# #.# #†# #.#
#h# #g# #g# #g#
#.# #.# #.# ..#


You could see 3 gnolls.

Vanquished Creatures
  A gnoll bouda (D:4)
  2 orc priests
  An orc wizard (D:2)
  Terence (D:2)
  2 gnolls (D:4)
  2 adders
  7 dart slugs
  3 orcs
  9 endoplasms
  3 giant cockroaches
  6 goblins
  4 hobgoblins
  6 kobolds
  6 quokkas
  8 ball pythons
  6 bats
  A frilled lizard (D:1)
  8 rats
76 creatures vanquished.

Notes
Turn   | Place    | Note
-------+----------+-------------------------------------------
     0 | D:1      | Dirtsage the Octopode Shapeshifter began the quest for the
                  | Orb.
     0 | D:1      | Reached XP level 1. HP: 13/13 MP: 1/1
    64 | D:1      | Reached XP level 2. HP: 13/18 MP: 2/2
   117 | D:1      | You fall into a shaft and drop 1 floor!
   224 | D:1      | Reached XP level 3. HP: 23/23 MP: 3/3
   869 | D:2      | Noticed Terence
   881 | D:2      | Killed Terence
   882 | D:2      | Reached XP level 4. HP: 11/29 MP: 4/4
  1560 | D:3      | Identified the +10 rapier of Starshine {drain, rPois Str+5}
  1633 | D:3      | Found a faded altar of an unknown god.
  1647 | D:3      | Reached XP level 5. HP: 33/34 MP: 5/5
  1768 | D:3      | Found Rasidwi's Magic Scroll Emporium.
  1776 | D:3      | Bought a scroll of identify for 26 gold pieces
  1776 | D:3      | Bought a scroll of fear for 52 gold pieces
  1776 | D:3      | Bought a scroll of blinking for 97 gold pieces
  1776 | D:3      | Bought a scroll of identify for 26 gold pieces
  2064 | D:3      | Learned a level 2 spell: Wereblood
  2145 | D:4      | Reached XP level 6. HP: 30/41 MP: 6/6
  2152 | D:4      | Slain by a gnoll

Illustrated notes

Levels and vault maps discovered:
D:1:      saegor_arrival_simple_d, layout_basic
D:2:      layout_rooms, uniq_terence
D:3:      layout_loops_cross, ebering_ecumenical_altar_sacrificial,
          serial_shops, nicolae_shop_pleasant_corner_grove,
          chequers_hall_statues_wall_a, skrybe_limestone_x,
          kennysheep_generic_room_8
D:4:      layout_basic, amcnicky_altar_gilded, kennysheep_little_box,
          minmay_temple_entry_butterflies, gammafunk_ghost_split

Skill      XL: |  1  2  3  4 |
---------------+-------------+-----
Fighting       | 2 |  2.7
Unarmed Combat | 4 |  4.8
Shapeshifting  | 4 |  4.5
Dodging        | |  2.0

Action                     |  1- 3 |  4- 6 || total
---------------------------+-------+-------++-------
  Melee: Unarmed           |    72 |    30 ||   102
         Constrict         |    17 |    16 ||    33
         Punch             |     5 |     5 ||    10
         Tentacles         |    11 |     9 ||    20
         Rapier            |       |    36 ||    36
    Use: Scroll            |     5 |     5 ||    10
         Potion            |       |     1 ||     1
   Stab: Sleeping          |     7 |     7 ||    14
 Armour: Skin              |    21 |    35 ||    56
  Dodge: Dodged            |    40 |    38 ||    78

Table legend: (Time is in decaauts)
 A = Elapsed time spent in this place.
 B = Non-inter-level travel time spent in this place.
 C = Inter-level travel time spent in this place.
 D = Time resting spent in this place.
 E = Time spent auto-exploring this place.
 F = Levels seen in this place.
 G = Mean time per level.
                   A        B        C        D        E       F      G
               +--------+--------+--------+--------+--------+-----+--------+
         Total |   2152 |   2077 |     75 |     58 |   1549 |   4 |  538.0 |
       Dungeon |   2152 |   2077 |     75 |     58 |   1549 |   4 |  538.0 |
               +--------+--------+--------+--------+--------+-----+--------+

Top non-repeatable levels by time:
     D:1: 739 daAuts
     D:3: 693 daAuts
     D:2: 654 daAuts
     D:4: 65 daAuts
